 Dungeon Crawl Stone Soup version 0.14-a0-2091-gca92d1a (webtiles) character file.

752 ReteAZ the Ruffian (level 7, 0/54 (57) HPs)
             Began as a Ghoul Fighter on Jan 25, 2014.
             Was a Follower of Okawaru.
             Slain by a gnoll
             ... wielding a +0,+0 whip
              (3 damage)
             ... on Level 4 of the Dungeon.
             The game lasted 00:17:22 (3396 turns).

ReteAZ the Ruffian (Ghoul Fighter)                  Turns: 3396, Time: 00:17:22

HP   0/54 (57)   AC 10     Str 21      XL: 7   Next: 36%
MP   5/5         EV 10     Int  6      God: Okawaru [*.....]
Gold 171         SH  9     Dex  8      Spells:  0 memorised,  6 levels left

rFire  . . .     SeeInvis .       - Unarmed
rCold  + . .     Clarity  .     n - +2 ring mail of Foafuef {Stlth++}
rNeg   + + +     Conserve .     e - +0 buckler
rPois  +         rCorr    .     (no helmet)
rElec  .         rRot     +     f - +0 elf cloak
SustAb . .       Spirit   .     (no gloves)
rMut   .         Warding  .     d - +0 pair of boots
Saprov + + +     Stasis   .     (no amulet)
MR     .....                    s - +2 ring of intelligence
                                v - ring of invisibility

@: rotting, not resistant to hostile enchantments, fairly stealthy
A: rotting body, claws 1, carnivore 3, cold resistance 1, life protection 3,
poison resistance, saprovore 3, slow healing 1, torment resistance, unbreathing
a: Heroism, Renounce Religion, Evoke Invisibility


You were on level 4 of the Dungeon.
You worshipped Okawaru.
Okawaru was aware of your devotion.
You were not hungry.

You visited 1 branch of the dungeon, and saw 4 of its levels.

You collected 171 gold pieces.

Inventory:

Missiles
 l - 12 darts (quivered)
Armour
 b - a +0 scale mail
 c - a +0 shield
 d - a +0 pair of boots (worn)
 e - a +0 buckler (worn)
 f - a +0 elven cloak (worn)
 n - the +2 ring mail of Foafuef (worn) {Stlth++}
   (You found it on level 4 of the Dungeon)

   It makes you much more stealthy.
Magical devices
 g - a wand of fireball (0)
Comestibles
 r - a chunk of jackal flesh
 x - a meat ration
Scrolls
 h - 2 scrolls of magic mapping
 j - 2 scrolls of remove curse {unknown}
 k - 7 scrolls of identify
 p - a scroll of random uselessness
Jewellery
 s - a +2 ring of intelligence (right claw)
 v - a ring of invisibility (left claw)
Potions
 q - a potion of brilliance
 w - a potion of restore abilities
Books
 t - a book of Frost

   Spells                             Type                      Level
   Freeze                             Ice                          1
   Throw Frost                        Conjuration/Ice              2
   Ozocubu's Armour                   Charms/Ice                   3
   Throw Icicle                       Conjuration/Ice              4
   Summon Ice Beast                   Ice/Summoning                4
   Condensation Shield                Ice                          4


   Skills:
 - Level 3.2 Fighting
 + Level 4.0 Armour
 + Level 4.3 Shields
 * Level 6.6 Unarmed Combat


You had 6 spell levels left.
You didn't know any spells.

Dungeon Overview and Level Annotations

Branches:
Dungeon (4/16)
 Temple: D:4-7

Altars:
Okawaru
Xom


Innate Abilities, Weirdness & Mutations

Your body is rotting away.
You have sharp fingernails.
You are carnivorous and can eat meat at any time.
Your flesh is cold resistant.
You are immune to negative energy.
Your system is resistant to poisons.
You thrive on rotten meat.
You heal slowly when monsters are visible.
You are immune to unholy pain and torment.
You can survive without breathing.


Message History

* * * LOW HITPOINT WARNING * * *
The gnoll barely misses you.
The gnoll shaman calls upon its god to speed up the gnoll.
The gnoll seems to speed up.
The gnoll shaman calls upon its god to speed up the gnoll.
The gnoll seems to speed up.
The gnoll hits you but does no damage.
You see here a leather armour.
You enter the shallow water.
Moving in this stuff is going to be slow.
You block the gnoll's attack. The gnoll hits you but does no damage.
The gnoll shaman calls upon its god to speed up the gnoll sergeant.
The gnoll sergeant seems to speed up.
The gnoll hits you with a halberd!
* * * LOW HITPOINT WARNING * * *
The gnoll shaman calls upon its god to speed up the gnoll.
The gnoll seems to speed up.
The gnoll barely misses you. The gnoll closely misses you.
The gnoll hits you with a whip.
You die...

≈.#.*,,,,* *,,,,,,,,,,,g..*,#....
≈.#.#,,,,* *' * ***######g###.g..
###'#,,,,',,,,,,,,*#....ggg%ggg..
#...############################g
#...#......................g.....
#####≈≈≈≈≈≈≈≈≈≈≈≈≈≈≈≈≈≈)≈≈≈≈≈≈≈≈≈
≈≈≈≈≈≈≈≈≈≈≈≈≈≈≈≈≈≈≈≈≈≈≈≈≈≈≈≈≈≈≈≈≈
≈≈≈≈≈≈≈≈≈g≈g≈≈≈≈≈≈≈≈≈≈≈≈≈≈≈≈≈≈≈≈≈
.........g[gPg.g@............P...
..........Pgg....................
#################################


You could see a gnoll sergeant, a gnoll shaman and 6 gnolls.

Vanquished Creatures
  2 ogres (D:4)
  2 orc wizards (D:3)
  An orc priest (D:4)
  2 hounds (D:4)
  A hound skeleton (D:4)
  Terence (D:2)
  3 adders
  12 gnolls (D:4)
  An inept item mimic (D:4)
  A worm (D:4)
  2 oozes
  5 orcs
  5 bats
  A giant cockroach (D:3)
  13 goblins
  5 hobgoblins
  14 jackals (D:4)
  14 kobolds
  A ball python (D:2)
  5 giant newts
  A goblin skeleton (D:4)
  3 quokkas
  6 rats
101 creatures vanquished.

Notes
Turn   | Place    | Note
--------------------------------------------------------------
     0 | D:1      | ReteAZ, the Ghoul Fighter, began the quest for the Orb.
     0 | D:1      | Reached XP level 1. HP: 19/19 MP: 1/1
   203 | D:1      | Reached XP level 2. HP: 20/26 MP: 2/2
   609 | D:2      | Reached XP level 3. HP: 28/31 MP: 3/3
   774 | D:2      | Noticed Terence
   804 | D:2      | Killed Terence
  1127 | D:2      | Reached XP level 4. HP: 28/38 MP: 3/3
  1426 | D:3      | Found a shimmering altar of Xom.
  1659 | D:3      | Found an iron altar of Okawaru.
  1667 | D:3      | Became a worshipper of Warmaster Okawaru
  1859 | D:3      | Reached skill level 4 in Unarmed Combat
  1901 | D:3      | Reached XP level 5. HP: 28/45 MP: 4/4
  1911 | D:3      | HP: 2/45 [orc wizard/magic dart (9)]
  1959 | D:3      | Paralysed by a potion of paralysis for 6 turns
  2270 | D:4      | Got a twisted ring mail
  2284 | D:4      | Identified the +2 ring mail of Foafuef {Stlth++} (You found it on level 4 of the Dungeon)
  2518 | D:4      | Reached skill level 5 in Unarmed Combat
  2518 | D:4      | Reached XP level 6. HP: 39/49 MP: 5/5
  2528 | D:4      | Noticed an ogre
  2533 | D:4      | Killed an ogre
  2838 | D:4      | Noticed an ogre
  2849 | D:4      | Killed an ogre
  2849 | D:4      | Reached skill level 6 in Unarmed Combat
  2849 | D:4      | Reached XP level 7. HP: 41/53 MP: 5/5
  2888 | D:4      | Acquired Okawaru's first power
  3396 | D:4      | Slain by a gnoll

Action                   |  1- 3 |  4- 6 |  7- 9 || total
-------------------------+-------+-------+-------++-------
Melee: Unarmed           |   119 |   190 |   103 ||   412
Throw: Dart              |       |     8 |     5 ||    13
Evoke: Wand              |       |     2 |     2 ||     4
  Use: Potion            |       |     8 |     2 ||    10
       Scroll            |       |     1 |     8 ||     9
